 Dungeon Crawl Stone Soup version 0.28-a0-1143-gcf6077d4cc (webtiles) character file.

Game seed: 15178972831895293519

849 spaghetti the Sneak (level 7, -2/55 HPs)
             Began as a Mummy Delver on Dec 14, 2021.
             Was an Initiate of Cheibriados.
             Slain by a seven-headed hydra (13 damage)
             ... on level 8 of the Dungeon.
             The game lasted 00:04:21 (2883 turns).

spaghetti the Sneak (Mummy Delver)                  Turns: 2883, Time: 00:04:22

Health: -2/55      AC:  5    Str: 21    XL:     7   Next: 69%
Magic:  7/7        EV: 13    Int: 10    God:    Cheibriados [......]
Gold:   122        SH:  0    Dex: 15    Spells: 6/6 levels left

rFire   . . .      SeeInvis .   h - +4 whip (venom) {mace}
rCold   + . .      Faith    .   (no shield)
rNeg    + + +      Spirit   .   g - +1 leather armour "Xoocith" {*Slow rF+ Str+3}
rPois   ∞          Reflect  .   (no helmet)
rElec   .          Harm     .   k - +0 cloak
rCorr   .          Rampage  .   (no gloves)
Will    .....                   (no boots)
Stlth   +++.......              (no amulet)
HPRegen 0.18/turn               (no ring)
MPRegen 0.10/turn               (no ring)

@: very slow
A: cold resistance 1, negative energy resistance 3, torment resistance 2, heat
vulnerability 1, no potions
a: Renounce Religion


You were on level 8 of the Dungeon.
You worshipped Cheibriados.
Cheibriados was noncommittal.
You visited 2 branches of the dungeon, and saw 5 of its levels.

You collected 122 gold pieces.


Innate Abilities, Weirdness & Mutations

You are immune to poison.
Your flesh is cold resistant. (rC+)
You are immune to negative energy. (rN+++)
You are immune to unholy pain and torment.
You are vulnerable to heat. (rF-)
You do not drink.


   Skills:
 + Level 4.8 Fighting
 - Level 1.5 Long Blades
 + Level 0.8 Throwing
 + Level 3.4 Dodging
 + Level 7.2 Stealth
 + Level 1.0 Invocations


You had 6 spell levels left.
You didn't know any spells.
Your spell library was empty.

Inventory:

Hand Weapons
 a - a +0 falchion {long}
 c - a +0 shortbow {bow}
   (You took it off a centaur on level 8 of the Dungeon)
 h - a +4 whip of venom (weapon) {mace}
   (You found it on level 6 of the Dungeon)
Missiles
 d - 51 stones (quivered) {throwing}
 e - 6 boomerangs {throwing}
 i - 37 bolts
 j - 33 arrows
Armour
 b - a +0 leather armour
 g - the +1 leather armour "Xoocith" (worn) {*Slow rF+ Str+3}
   (You found it on level 6 of the Dungeon)

   Str:       It affects your strength (+3).
   rF:        It protects you from fire.
   *Slow:     It may slow you when you take damage.
 k - a +0 cloak (worn)
   (You found it on level 7 of the Dungeon)
Wands
 f - a wand of digging (2)

Dungeon Overview and Level Annotations

Branches:
Dungeon (8/15)             Temple (1/1) D:7
   Lair: D:8-11

Altars:
Cheibriados
Elyvilon
Hepliaklqana
Makhleb
Trog
Wu Jian

Annotations:
D:7 1 runed translucent door, ytrimaz's ghost, novice OpTm

### #.######
#....@.#
#.#.##.##.#D#
#.c....)<##.#
#.#.##..###.##
.. #.#.....#
#####..#.##..#
..........#..#
###.##.#..#..#
#.#..#..#


You could see a seven-headed hydra.


Message History

😨 HP[-1]
You take 1 damage, and now have 21/55 hp.
Unknown command.
Unknown command.
You barely miss something.
Cheibriados appreciates the change of pace.
Reactivating autopickup.
You feel a bit more experienced. 😨 HP[+1]
You start resting.
A centaur comes into view. 😨 HP[+5]
You regained 5 hp, and now have 27/55 hp.
Okay, then.
Things that are here:
a +0 dagger {short}; a +0 robe; an orc corpse 😮 HP[+1]
You start resting.
A centaur is nearby! 😮 HP[+8]
You regained 8 hp, and now have 36/55 hp.
You start resting.
A centaur is nearby! 😮 HP[+1] 😮 HP[+1] Throw: 51 stones {throwing}
Press: ? - help, Q - select action, (/) - cycle Shift-Dir - straight line, f - centaur
Aim: a centaur, quivering arrows (wandering, hasn't noticed you, 71% to hit)
You throw a stone {throwing}.
The stone {throwing} barely misses the centaur.
The centaur shouts!
You hit the centaur.
The centaur is poisoned.
The centaur hits you but does no damage.
The centaur kicks you but does no damage.
The centaur hits you.
The centaur closely misses you. 😮 HP[-2]
You take 2 damage, and now have 36/55 hp.
You closely miss the centaur. The centaur closely misses you.
The centaur kicks you but does no damage.
You whack the centaur! The centaur completely misses you.
The centaur kicks you but does no damage.
The centaur barely misses you. The centaur kicks you. 😮 HP[-1]
You take 1 damage, and now have 35/55 hp.
You barely miss the centaur. The centaur misses you.
The centaur barely misses you. The centaur closely misses you.
The centaur misses you.
You hit the centaur.
The centaur looks as sick as possible!
The centaur hits you.
The centaur kicks you but does no damage. 😮 HP[-1]
You take 1 damage, and now have 34/55 hp.
You hit the centaur.
You kill the centaur!
Cheibriados thoroughly appreciates the change of pace.
Your Invocations skill increases to level 1!
j - 33 arrows (gained 19)
You see here a +0 shortbow {bow}. 😮 HP[+1]
You start resting. 😎 HP[+20]
Your hp is fully restored (55).
c - a +0 shortbow {bow} Unknown command.
Unknown command.
d - 51 stones {throwing} (gained 1)
You now have 108 gold pieces (gained 16).
You now have 122 gold pieces (gained 14).
A seven-headed hydra comes into view.
Okay, then.
You can't drink.
You aren't carrying any scrolls.
Unknown command.
Unknown command.
You aren't carrying any scrolls.
Okay, then.
You aren't carrying any scrolls.
Unknown command.
Unknown command.
Okay, then.
You can't drink.
You aren't carrying any scrolls.
Unknown command.
Unknown command.
Okay, then.
You aren't carrying any scrolls.
Unknown command.
Unknown command.
Okay, then.
Okay, then.
Unknown command.
Aiming: Dig
Press: ? - help, Shift-Dir - straight line A rock wall.
The rock shatters into small pieces.
The seven-headed hydra bites you! x2
* * * LOW HITPOINT WARNING * * *
The seven-headed hydra bites you!
* * * LOW HITPOINT WARNING * * *
The seven-headed hydra bites you!
You die...

Skill      XL: |  1  2  3  4  5  6  7 |
---------------+----------------------+-----
Stealth        | 5 6 7 |  7.2
Dodging        | 2 3 |  3.4
Fighting       | 4 |  4.8
Invocations    | 1 |  1.0
Long Blades    | |  1.5
Throwing       | |  0.8

Action                   |  1- 3 |  4- 6 |  7- 9 || total
-------------------------+-------+-------+-------++-------
Melee: Falchion          |    12 |       |       ||    12
       Whip              |     5 |    51 |    50 ||   106
Throw: Stone             |       |       |    10 ||    10
Evoke: Wand              |       |       |     1 ||     1
  Use: Scroll            |     1 |       |     5 ||     6
 Stab: Sleeping          |       |     7 |       ||     7
Armor: Leather armour    |    10 |    14 |    21 ||    45
Dodge: Dodged            |    13 |    31 |    50 ||    94

Levels and vault maps discovered:
D:5:      layout_layer_cave, minmay_misc_feat_roman,
          chequers_serial_rivers_small_3, uniq_sigmund, uniq_edmund,
          uniq_blork_the_orc
D:6:      layout_loops_corners
D:7:      layout_gridville, minmay_temple_entry_statues_fountains,
          ebering_ghost_reflecting_pool
D:8:      layout_basic, kennysheep_mini, hangedman_abyss_or_decor_passed
Temple:   nicolae_temple_figure_zero

Notes
Turn   | Place    | Note
-------+----------+-------------------------------------------
     0 | D:5      | spaghetti the Mummy Delver began the quest for the Orb.
     0 | D:5      | Reached XP level 1. HP: 18/18 MP: 1/1
     0 | D:5      | magus.rc [v1.9.6]
    60 | D:6      | Reached XP level 2. HP: 14/24 MP: 2/2
    60 | D:6      | Reached XP level 3. HP: 17/29 MP: 3/3
   207 | D:6      | Identified the +1 leather armour "Xoocith" {*Slow rF+
                  | Str+3}
   266 | D:6      | Reached skill level 5 in Stealth
   503 | D:6      | Noticed a bullfrog
   511 | D:6      | Killed a bullfrog
   512 | D:6      | Reached XP level 4. HP: 27/35 MP: 4/4
   611 | D:6      | Reached skill level 6 in Stealth
   775 | D:6      | Reached XP level 5. HP: 36/41 MP: 5/5
  1029 | D:6      | Noticed a water moccasin
  1036 | D:6      | Killed a water moccasin
  1037 | D:6      | Reached skill level 2 in Dodging
  1037 | D:6      | Reached XP level 6. HP: 39/47 MP: 6/6
  1564 | D:7      | Reached skill level 4 in Fighting
  1629 | D:7      | Found a runed translucent door.
  1636 | D:7      | Noticed ytrimaz's ghost (novice OpTm)
  1644 | D:7      | Reached XP level 7. HP: 49/54 MP: 7/7
  1647 | D:7      | Reached skill level 3 in Dodging
  1647 | D:7      | Reached skill level 7 in Stealth
  1778 | D:7      | Found a staircase to the Ecumenical Temple.
  1787 | Temple   | Entered the Ecumenical Temple
  1855 | Temple   | Became a worshipper of Cheibriados the Contemplative
  2016 | D:7      | HP: 13/55 [water moccasin zombie (6)]
  2021 | D:7      | HP: 4/55 [water moccasin zombie (5)]
  2122 | D:7      | HP: 6/55 [gnoll shaman (9)]
  2726 | D:8      | Reached skill level 1 in Invocations
  2875 | D:8      | Noticed a seven-headed hydra
  2883 | D:8      | HP: 11/55 [seven-headed hydra (16)]
  2883 | D:8      | Slain by a seven-headed hydra

Vanquished Creatures
  A water moccasin (D:6)
  2 centaurs
  A water moccasin zombie (D:7)
  A bullfrog (D:6)
  A scorpion (D:6)
  3 howler monkeys (D:7)
  A hound (D:6)
  A bullfrog skeleton (D:6)
  A centaur zombie (D:6)
  An orc priest (D:7)
  A gnoll shaman (D:7)
  3 orc wizards
  A howler monkey zombie (D:6)
  3 gnolls (D:7)
  2 adders (D:6)
  An ufetubus (D:7)
  A dart slug (D:5)
  2 orcs (D:6)
27 creatures vanquished.

Table legend:
 A = Non-vault XP
 B = Vault XP
 C = Vault XP percentage of total XP
 D = Non-vault monster count
 E = Vault monster count
 F = Vault count percentage of total count
                 A         B        C        D         E       F
            +---------+---------+-------+---------+---------+-------
      Total |    1214 |       0 |   0.0 |      27 |       0 |   0.0
            +---------+---------+-------+---------+---------+-------
        D:5 |       4 |       0 |   0.0 |       1 |       0 |   0.0
        D:6 |     525 |       0 |   0.0 |      12 |       0 |   0.0
        D:7 |     537 |       0 |   0.0 |      12 |       0 |   0.0
        D:8 |     148 |       0 |   0.0 |       2 |       0 |   0.0
            +---------+---------+-------+---------+---------+-------

Illustrated notes

Table legend:
 A = Kills in this place as a percentage of kills in entire the game.
 B = Kills by you in this place as a percentage of kills by you in the entire game.
 C = Kills by friends in this place as a percentage of kills by friends in the entire game.
 D = Other kills in this place as a percentage of other kills in the entire game.
 E = Experience gained in this place as a percentage of experience gained in the entire game.
 F = Experience gained in this place divided by the number of levels of this place that you have seen.
                   A       B       C       D       E      F
               +-------+-------+-------+-------+-------+----------------------
         Total | 100.0 | 100.0 |   N/A |   N/A | 100.0 | 242.8
       Dungeon | 100.0 | 100.0 |   N/A |   N/A | 100.0 | 303.5
               +-------+-------+-------+-------+-------+----------------------

Table legend: (Time is in decaauts)
 A = Elapsed time spent in this place.
 B = Non-inter-level travel time spent in this place.
 C = Inter-level travel time spent in this place.
 D = Time resting spent in this place.
 E = Time spent auto-exploring this place.
 F = Levels seen in this place.
 G = Mean time per level.
                   A        B        C        D        E       F      G
               +--------+--------+--------+--------+--------+-----+--------+
         Total |   2967 |   2915 |     52 |   1005 |   1520 |   5 |  593.4 |
       Dungeon |   2878 |   2837 |     41 |   1005 |   1447 |   4 |  719.5 |
        Temple |     89 |     79 |     10 |      0 |     73 |   1 |   89.0 |
               +--------+--------+--------+--------+--------+-----+--------+

Top non-repeatable levels by time:
     D:6: 1483 daAuts
     D:7: 1040 daAuts
     D:8: 274 daAuts
  Temple: 89 daAuts
     D:5: 80 daAuts
